 Dungeon Crawl Stone Soup version 0.31.0-9-g3a7656b989 (console) character file.

Game seed: 10833525890072091420

1414 AlterAsc the Covert (level 8, -8/41 HPs)
             Began as a Vampire Enchanter on Jan 29, 2024.
             Mangled by a gnoll sergeant
             ... wielding a +4 trident of flaming
              (12 damage)
             ... on level 5 of the Dungeon.
             The game lasted 00:15:44 (5530 turns).

AlterAsc the Covert (Vampire Enchanter)             Turns: 5530, Time: 00:15:45

Health: -8/41      AC:  4    Str:  7    XL:     8   Next: 43%
Magic:  6/14       EV: 11    Int: 19    God:
Gold:   351        SH:  0    Dex: 15    Spells: 7/15 levels left

rFire   . . .        j - +0 dagger (elec)
rCold   + + .        (no shield)
rNeg    + + +        D - +0 troll leather armour {Pargi}
rPois   ∞            (no helmet)
rElec   .            k - +0 cloak
rCorr   .            (no gloves)
SInv    +            (no boots)
Will    +....        (no amulet)
Stlth   ++++++       B - ring of willpower
HPRegen 0.00/turn    (no ring)
MPRegen 0.14/turn

%: no passive effects
@: confusing by touch, bloodless, inhibited regen, invisible
A: bloodless, fangs 3, see invisible, vampiric 2
a: Bat Form, Revivify


You were on level 5 of the Dungeon.
You visited 1 branch of the dungeon, and saw 5 of its levels.
You also visited: Sewer.

You collected 351 gold pieces.

Inventory:

Hand Weapons
 a - a +1 dagger
 j - a +0 dagger of electrocution (weapon)
 x - a +1 dagger of chaos
Missiles
 y - 11 throwing nets (quivered)
Armour
 b - a +0 robe
 k - a +0 cloak (worn)
 D - a +0 troll leather armour (worn) {Pargi}
Jewellery
 r - an amulet of guardian spirit
 B - a ring of willpower (left hand)
Wands
 A - a wand of mindburst (6)
Scrolls
 e - a scroll of silence {unknown}
 f - 2 scrolls of vulnerability {unknown}
 g - 5 scrolls of identify
 h - 2 scrolls of revelation
 i - a scroll of enchant weapon {unknown}
 n - a scroll of blinking {unknown}
 o - 3 scrolls of teleportation {unknown}
 s - a scroll of amnesia {unknown}
 v - a scroll of noise {unknown}
 C - a scroll of immolation {unknown}
 E - a scroll of poison {unknown}
Potions
 c - a potion of invisibility
 d - 3 potions of lignification {unknown}
 l - a potion of heal wounds {unknown}
 m - a potion of might {unknown}
 p - 2 potions of curing {unknown}
 q - 3 potions of brilliance
 t - 2 potions of degeneration {unknown}
 u - 2 potions of berserk rage
 w - 3 potions of haste {unknown}
 z - a potion of ambrosia {unknown}
 F - a potion of attraction {unknown}


   Skills:
 + Level 4.2 Short Blades
 - Level 2.1 Dodging
 + Level 10.4 Stealth
 - Level 4.0 Spellcasting
 + Level 9.7 Hexes
 - Level 2.0 Ice Magic


You had 7 spell levels left.
You knew the following spells:

 Your Spells              Type           Power      Damage    Failure   Level
a - Ensorcelled Hibernat  Hex/Ice        52%        N/A       2%          2
b - Confusing Touch       Hex            40%        N/A       1%          3
c - Tukima's Dance        Hex            40%        N/A       1%          3

Your spell library contained the following spells:

 Spells                   Type           Power      Damage    Failure   Level
 Dazzling Flash           Conj/Hex       44%        N/A       9%          3
 Ozocubu's Armour         Ice            11%        N/A       26%         3
 Metabolic Englaciation   Hex/Ice        13%        N/A       45%         5
 Sculpt Simulacrum        Ice/Alch       3%         N/A       100%        6


Dungeon Overview and Level Annotations

Branches:
Dungeon (5/15)              Sewer (visited)
 Temple: D:4-7

Altars:
Xom


Innate Abilities, Weirdness & Mutations

You do not regenerate when monsters are visible.
You are frail without blood (-20% HP).
You can heal yourself when you bite living creatures.
You are immune to poison.
You have razor-sharp teeth.
You have supernaturally acute eyesight. (SInv)
You are afflicted with vampirism and can become a bat while bloodless.


Message History

You bite the hound, and draw its blood! You skewer the hound like a kebab!!!
You kill the hound!
Casting: Ensorcelled Hibernation (safe; 2% risk of failure)
Confirm with . or Enter, or press ? or * to list all spells.
Aiming: Ensorcelled Hibernation (safe; 2% risk of failure)
Press: ? - help, Shift-Dir - straight line, f - gnoll sergeant
Aim: a gnoll sergeant, wielding a +4 trident of flaming, wearing a +0 scale mail and wearing a +0 kite shield (chance to affect: 57%)
The gnoll sergeant resists with significant effort.
The gnoll sergeant hits you from afar with a +4 trident of flaming.
The gnoll sergeant burns you.
Casting: Ensorcelled Hibernation (safe; 2% risk of failure)
Confirm with . or Enter, or press ? or * to list all spells.
Aiming: Ensorcelled Hibernation (safe; 2% risk of failure)
Press: ? - help, Shift-Dir - straight line, f/p - gnoll sergeant
Aim: a gnoll sergeant, wielding a +4 trident of flaming, wearing a +0 scale mail and wearing a +0 kite shield (chance to affect: 57%)
The gnoll sergeant looks drowsy...
The gnoll sergeant shouts!
The gnoll sergeant hits you with a +4 trident of flaming!
The gnoll sergeant burns you.
There is a large open door, spattered with blood here.
You see here a hound corpse.
The gnoll sergeant blocks your attack.
Casting: Ensorcelled Hibernation (safe; 2% risk of failure)
Confirm with . or Enter, or press ? or * to list all spells.
Your hands begin to glow red.
The gnoll sergeant hits you but does no damage.
You hit the gnoll sergeant but do no damage.
The gnoll sergeant barely misses you.
You hit the gnoll sergeant but do no damage.
The gnoll sergeant hits you with a +4 trident of flaming!
* * * LOW HITPOINT WARNING * * *
The gnoll sergeant burns you.
* * * LOW HITPOINT WARNING * * *
Press: ? - help, v - describe, . - travel
Here: a gnoll sergeant, wielding a +4 trident of flaming, wearing a +0 scale mail and wearing a +0 kite shield (chance to confuse on hit: 66%)
The floor.
Unknown command.
You fade into invisibility!
The gnoll sergeant hits you with a +4 trident of flaming!
You die...

###########......
####........... ...####
#.............. ......
#....)..)...... .....
#..............###.....
#..###@'##.....#..##...
#.##⌠.g..##............
#.##.....##..........<.
#.####...##............
#.# +...##............
#.## #...##.##...#.....
#..#######.....###.....
#...#####......###.....
#..............#.......
####...#......#...#....
#.............).#....


You could see a gnoll sergeant (unable to see you).

Vanquished Creatures
  Pargi (Sewer)
  A brain worm (Sewer)
  2 gnoll sergeants (D:5)
  4 crimson imps (D:3)
  9 hounds
  3 jellies
  3 gnoll boudas (D:5)
  An iguana (D:5)
  A sleepcap (D:5)
  Natasha (thrice) (D:2)
  3 orc wizards
  17 gnolls
  8 adders
  A white imp (D:5)
  6 dart slugs
  4 ribbon worms
  7 orcs
  4 ball pythons
  6 endoplasms
  3 giant cockroaches
  5 goblins
  7 hobgoblins
  6 jackals
  10 kobolds
  3 quokkas
  11 bats
  2 frilled lizards
  5 rats
136 creatures vanquished.

Notes
Turn   | Place    | Note
-------+----------+-------------------------------------------
     0 | D:1      | AlterAsc the Vampire Enchanter began the quest for the Orb.
     0 | D:1      | Reached XP level 1. HP: 13/13 MP: 3/3
   100 | D:1      | Reached skill level 5 in Stealth
   100 | D:1      | Reached XP level 2. HP: 19/19 MP: 5/5
   103 | D:1      | Learned a level 2 spell: Ensorcelled Hibernation
   161 | D:1      | Reached skill level 5 in Hexes
   583 | D:1      | Gained mutation: You are afflicted with vampirism and can
                  | become a bat while bloodless. [Vampire growth]
   583 | D:1      | Reached XP level 3. HP: 19/19 MP: 6/6
   627 | D:1      | Learned a level 3 spell: Confusing Touch
  1100 | D:2      | Found a faded altar of an unknown god.
  1190 | D:2      | Noticed Natasha
  1196 | D:2      | You fall into a shaft and drop 1 floor!
  1292 | D:3      | Reached skill level 6 in Stealth
  1717 | D:2      | Reached XP level 4. HP: 24/24 MP: 2/7
  1950 | D:2      | Found a faded altar of an unknown god.
  2032 | D:2      | Killed Natasha
  2128 | D:2      | Noticed Natasha
  2142 | D:2      | Killed Natasha
  2143 | D:2      | Reached skill level 1 in Ice Magic
  2237 | D:2      | Noticed Natasha
  2248 | D:2      | Killed Natasha
  2249 | D:2      | Reached XP level 5. HP: 28/28 MP: 2/8
  2981 | D:3      | Found a shimmering altar of Xom.
  2994 | D:3      | Reached skill level 7 in Stealth
  3046 | D:3      | Reached XP level 6. HP: 7/32 MP: 5/10
  3893 | D:4      | Reached skill level 8 in Stealth
  4216 | D:4      | Reached XP level 7. HP: 36/36 MP: 7/12
  4375 | D:5      | Entered Level 5 of the Dungeon
  4590 | D:5      | Found a glowing drain.
  4595 | Sewer    | Entered a sewer
  4716 | Sewer    | Noticed Pargi
  4724 | Sewer    | Killed Pargi
  4762 | Sewer    | Learned a level 3 spell: Tukima's Dance
  4844 | D:5      | Reached skill level 9 in Stealth
  5020 | D:5      | Reached XP level 8. HP: 31/41 MP: 9/14
  5179 | D:5      | Reached skill level 10 in Stealth
  5530 | D:5      | Mangled by a gnoll sergeant

Illustrated notes

Levels and vault maps discovered:
D:1:      onia_arrival_pyramid, layout_basic
D:2:      layout_loops_ring, chequers_ecumenical_altar_simple_redux,
          uniq_natasha
D:3:      layout_basic, led_xom_imps
D:4:      layout_loops_cross
D:5:      layout_cave_pools, portal_sewer_entry_e, serial_gnoll_camp,
          gnoll_camp_mini_hut, gnoll_camp_medium_02, gnoll_camp_mini_hut,
          gnoll_camp_mini_house, grums_kennel, minmay_door_square

Skill      XL: |  1  2  3  4  5  6  7  8 |
---------------+-------------------------+-----
Stealth        | 5 6 7 8 9 10 | 10.4
Hexes          | 5 6 7 8 9 |  9.7
Ice Magic      | 1 2 |  2.0
Spellcasting   | 3 4 |  4.0
Short Blades   | 3 4 |  4.2
Dodging        | |  2.1

Action                     |  1- 3 |  4- 6 |  7- 9 || total
---------------------------+-------+-------+-------++-------
  Melee: Dagger            |    96 |   132 |    99 ||   327
         Bite              |     7 |     9 |     7 ||    23
         Punch             |     1 |     2 |       ||     3
   Cast: Ensorcelled Hiber |    22 |    25 |    39 ||    86
         Confusing Touch   |       |     7 |     2 ||     9
Ability: Exsanguinate      |     1 |       |       ||     1
    Use: Potion            |     1 |       |     1 ||     2
         Scroll            |       |     2 |       ||     2
   Stab: Sleeping          |    26 |    34 |    35 ||    95
         Confused          |       |     3 |     1 ||     4
 Armour: Robe              |    48 |    43 |    39 ||   130
         Troll leather arm |       |       |    37 ||    37
  Dodge: Dodged            |    46 |    57 |    60 ||   163
